 Dungeon Crawl Stone Soup version 0.31-a0-150-g89dc3ad700 (webtiles) character file.

Game seed: 13330422648802161460

10 qw the Shooter (level 2, -3/17 HPs)
             Began as a Gargoyle Hunter on June 8, 2023.
             Slain by Terence
             ... wielding a +0 flail
              (6 damage)
             ... on level 2 of the Dungeon.
             The game lasted 00:00:09 (654 turns).

qw the Shooter (Gargoyle Hunter)                     Turns: 654, Time: 00:00:10

Health: -3/17      AC:  5    Str: 14    XL:     2   Next: 20%
Magic:  2/2        EV: 11    Int:  9    God:
Gold:   21         SH:  0    Dex: 13    Spells: 1/1 levels left

rFire   . . .        a - +0 shortbow
rCold   . . .        (shield currently unavailable)
rNeg    + . .        c - +0 leather armour
rPois   inf          (no helmet)
rElec   +            (no cloak)
rCorr   .            (no gloves)
SInv    .            (no boots)
Will    .....        (no amulet)
Stlth   +            (no ring)
HPRegen 0.22/turn    (no ring)
MPRegen 0.08/turn

%: no passive effects
@: no status effects
A: sickness immunity, AC +2, negative energy resistance 1, electricity
resistance, torment resistance 1, petrification resistance
a: no special abilities


You were on level 2 of the Dungeon.
You visited 1 branch of the dungeon, and saw 2 of its levels.

You collected 21 gold pieces.


Innate Abilities, Weirdness & Mutations

You are immune to sickness and miasma.
Your stone body is resilient. (AC +2)
You are immune to poison.
You resist negative energy. (rN+)
You are resistant to electric shocks. (rElec)
You are resistant to unholy torment.
You are immune to petrification.


   Skills:
 - Level 2.1 Fighting
 + Level 4.5 Ranged Weapons
 - Level 1.5 Dodging
 - Level 1.1 Stealth


You had one spell level left.
You didn't know any spells.
Your spell library was empty.

Inventory:

Hand Weapons
 a - a +0 shortbow (weapon)
Armour
 c - a +0 leather armour (worn)
 d - a scarf of harm
 e - a +0 ring mail
Scrolls
 b - a scroll of butterflies
 f - a scroll of immolation {unknown}
 j - a scroll of teleportation {unknown}
 k - a scroll of amnesia {unknown}
 l - a scroll of fog {unknown}
Potions
 g - a potion of haste {unknown}
 h - a potion of invisibility {unknown}
 i - 2 potions of lignification {unknown}

Dungeon Overview and Level Annotations

Branches:
Dungeon (1/15)

Altars:

Annotations:
D:2 Terence


Message History

Found a silvery potion.
Waypoint 1 assigned to D:2.
You shoot an arrow. The arrow hits Terence.
Terence shouts!
Terence is lightly wounded.
You hear a shout!
You shoot an arrow. The arrow closely misses Terence.
Terence barely misses you.
A goblin comes into view. It is wielding a +0 club.
A kobold comes into view. It is wielding a +0 club.
You shoot an arrow. The goblin shouts!
The arrow hits Terence but does no damage.
Terence barely misses you.
You shoot an arrow. The arrow closely misses Terence.
The arrow barely misses the adder.
The arrow hits the kobold but does no damage.
Terence closely misses you. Terence misses you.
You shoot an arrow. The arrow hits Terence.
Terence is moderately wounded.
Terence hits you with a +0 flail.
You shoot an arrow. The arrow hits Terence.
Terence is moderately wounded.
Terence completely misses you.
You shoot an arrow. The arrow barely misses Terence.
The arrow hits the adder.
The adder is moderately wounded.
Terence hits you with a +0 flail.
You shoot an arrow. The arrow barely misses Terence.
The arrow hits the adder!
The adder is almost dead.
Terence barely misses you.
You shoot an arrow. The arrow closely misses Terence.
The arrow barely misses the adder.
Terence hits you with a +0 flail. x2
You shoot an arrow. The arrow hits Terence!
Terence is severely wounded.
Terence barely misses you.
You shoot an arrow.
The arrow hits Terence but does no damage.
Terence is severely wounded.
Terence hits you with a +0 flail.
You die...

## ... .... .!...
.....K##########.
.....S@@.........
.....g###########
..... .... ... ..
.


You could see Terence, an adder, a goblin and a kobold.

Vanquished Creatures
  A goblin (D:1)
  5 hobgoblins (D:1)
  A quokka (D:1)
  A frilled lizard (D:1)
8 creatures vanquished.

Notes
Turn   | Place    | Note
-------+----------+-------------------------------------------
     0 | D:1      | qw the Gargoyle Hunter began the quest for the Orb.
     0 | D:1      | Reached XP level 1. HP: 12/12 MP: 1/1
     0 | D:1      | 0 ||| qw: Version: 0.2-a-120-gdf1a93b
     0 | D:1      | 0 ||| qw: Game counter: 2984
     0 | D:1      | 0 ||| qw: Always use a shield: true
     0 | D:1      | 0 ||| qw: God list: Okawaru
     0 | D:1      | 0 ||| qw: Allow faded altars: false
     0 | D:1      | 0 ||| qw: Do Orc after D:15 true
     0 | D:1      | 0 ||| qw: Do second Lair branch before Depths: true
     0 | D:1      | 0 ||| qw: Lair rune preference: random
     0 | D:1      | 0 ||| qw: Plans: Normal
     0 | D:1      | 0 ||| PLANNING D:1-11
   133 | D:1      | 133 ||| FLEEEEING.
   134 | D:1      | 134 ||| FLEEEEING.
   137 | D:1      | 137 ||| FLEEEEING.
   138 | D:1      | 138 ||| FLEEEEING.
   139 | D:1      | 139 ||| FLEEEEING.
   423 | D:1      | Reached XP level 2. HP: 17/17 MP: 2/2
   640 | D:1      | You fall into a shaft and drop 1 floor!
   643 | D:2      | Noticed Terence
   652 | D:2      | HP: 4/17 [Terence/+0 flail (6)]
   654 | D:2      | Slain by Terence

Levels and vault maps discovered:
D:1:      elethiomel_arrival_maze, layout_loops_ring, serial_rivers,
          chequers_serial_rivers_room_a, chequers_serial_rivers_micro_b,
          chequers_serial_rivers_micro_a, chequers_serial_rivers_marsh,
          chequers_serial_rivers_micro_b, minivault_24, minmay_splitting_lines
D:2:      layout_basic, uniq_terence

Action                     || total
---------------------------++-------
   Fire: Shortbow          ||    38
 Armour: Leather armour    ||     3
  Dodge: Dodged            ||    13

Table legend:
 A = Non-vault XP
 B = Vault XP
 C = Vault XP percentage of total XP
 D = Non-vault monster count
 E = Vault monster count
 F = Vault count percentage of total count
                 A         B        C        D         E       F
            +---------+---------+-------+---------+---------+-------
      Total |      15 |       0 |   0.0 |       8 |       0 |   0.0
            +---------+---------+-------+---------+---------+-------
        D:1 |      15 |       0 |   0.0 |       8 |       0 |   0.0
            +---------+---------+-------+---------+---------+-------
